 Dungeon Crawl Stone Soup version 0.25.1-9-gc5326a611f (webtiles) character file.

Game seed: 8560775772584096396

57584 waltergilman the Severer (level 14, -4/135 HPs)
             Began as a Hill Orc Fighter on Dec 28, 2020.
             Was the Champion of Okawaru.
             Slain by a bog body (7 damage)
             ... on level 2 of the Swamp on Dec 29, 2020.
             The game lasted 01:43:25 (19787 turns).

waltergilman the Severer (Hill Orc Fighter)        Turns: 19787, Time: 01:43:25

Health: -4/135     AC: 21    Str: 34    XL:     14   Next: 86%
Magic:  23/23      EV: 10    Int:  8    God:    Okawaru [******]
Gold:   1141       SH:  0    Dex: 10    Spells: 13/13 levels left

rFire    x . .     SeeInvis +   J - +8 battleaxe (freeze)
rCold    + . .     Gourm    .   (shield currently unavailable)
rNeg     . . .     Faith    .   r - +2 chain mail of the Sturgeon {*Slow rC+ Regen+}
rPois    .         Spirit   .   (helmet restricted)
rElec    .         Reflect  .   (no cloak)
rCorr    +         Harm     +   S - +1 pair of gloves of Mental Paralysis {-Cast Harm rCorr Str+8}
MR       ++...     NoCast   +   (no boots)
Stlth    ..........             a - amulet of regeneration
HPRegen  1.12/turn              G - ring of the Skies Above {rF- MP+9 Str+2 Slay+2 SInv}
MPRegen  0.18/turn              B - +4 ring of protection

@: no status effects
A: antennae 1, magic resistance 1
a: Heroism, Finesse, Renounce Religion


You were on level 2 of the Swamp.
You worshipped Okawaru.
Okawaru was exalted by your worship.
You were not hungry.

You visited 4 branches of the dungeon, and saw 20 of its levels.

You collected 1331 gold pieces.
You spent 190 gold pieces at shops.

Inventory:

Hand Weapons
 l - a +0 vorpal shortbow
 n - a +2 vorpal broad axe
 I - a +0 executioner's axe of freezing
 J - a +8 battleaxe of freezing (weapon)
 N - a +0 shortbow
Missiles
 z - 13 javelins (quivered)
 O - 127 arrows
Armour
 r - the +2 chain mail of the Sturgeon (worn) {*Slow rC+ Regen+}
   (You bought it in a shop on level 6 of the Dungeon)

   It protects you from cold.
   It increases your rate of regeneration.
   It may slow you when you take damage.
 S - the +1 pair of gloves of Mental Paralysis (worn) {-Cast Harm rCorr Str+8}
   (Okawaru gifted it to you on level 13 of the Dungeon)

   It affects your strength (+8).
   It prevents spellcasting.
   It provides partial protection from all sources of acid and corrosion.
   It increases damage dealt and taken.
 V - a +3 scale mail
Jewellery
 a - an amulet of regeneration (around neck)
 o - an uncursed ring of see invisible
 t - an uncursed ring of see invisible
 B - a +4 ring of protection (right hand)
 C - an uncursed amulet of magic regeneration
 G - the ring of the Skies Above (left hand) {rF- MP+9 Str+2 Slay+2 SInv}
   (You found it on level 8 of the Dungeon)

   [ring of magical power]

   It affects your strength (+2).
   It affects your accuracy and damage with ranged weapons and melee attacks
   (+2).
   It makes you vulnerable to fire.
   It affects your magic capacity (+9).
   It lets you see invisible.
 H - an uncursed ring of stealth
 L - an uncursed amulet of guardian spirit
 W - an uncursed ring of fire
Wands
 g - a wand of enslavement (10)
 m - a wand of paralysis (23)
 v - a wand of random effects (31)
 w - a wand of flame (43)
 F - a wand of polymorph (5)
 K - a wand of iceblast (13)
 Z - a wand of acid (6)
Scrolls
 c - a scroll of identify
 h - a scroll of acquirement
 i - 17 scrolls of remove curse
 j - 2 scrolls of amnesia
 k - 10 scrolls of teleportation
 p - 2 scrolls of random uselessness {unknown}
 u - a scroll of silence
 x - a scroll of vulnerability
 y - 3 scrolls of magic mapping
 E - a scroll of fog
 M - 2 scrolls of blinking
 Q - 4 scrolls of immolation
 R - a scroll of enchant armour
 U - a scroll of holy word
Potions
 b - 2 potions of might
 d - a potion of ambrosia
 e - 4 potions of flight
 q - a potion of haste {unknown}
 s - 2 potions of curing
 D - 2 potions of resistance
 P - a potion of magic
 T - 2 potions of brilliance
 Y - 2 potions of invisibility
Comestibles
 f - 34 rations


   Skills:
 + Level 15.0 Fighting
 + Level 20.8 Axes
 + Level 12.4 Armour
 + Level 3.2 Dodging
 + Level 1.9 Stealth
   Level 8.1 Shields
 + Level 0.4 Invocations
 + Level 1.1 Evocations


You had 13 spell levels left.
You didn't know any spells.
Your spell library contained the following spells:

 Spells                   Type           Power        Failure   Level  Hunger
 Shock                    Conj/Air       #...         80%         1    ##.....
 Swiftness                Chrm/Air       #.......     90%         2    ###....
 Confusing Touch          Hex            #.......     99%         3    ####...
 Gell's Gravitas          Tloc           #.........   99%         3    ####...
 Static Discharge         Conj/Air       #.......     99%         3    ####...
 Airstrike                Air            #.........   100%        4    #####..
 Petrify                  Tmut/Erth      #.......     100%        4    #####..
 Lightning Bolt           Conj/Air       #.........   100%        5    ######.
 Metabolic Englaciation   Hex/Ice        #.........   100%        5    ######.
 Yara's Violent Unravell  Hex/Tmut       #.........   100%        5    ######.


Dungeon Overview and Level Annotations

Branches:
Dungeon (13/15)            Temple (1/1) D:7            Lair (4/6) D:10
  Swamp (2/4) Lair:4       Spider (0/4) Lair:2          Orc (0/2) D:12
 Vaults: D:13-14

Altars:
Ashenzari
Cheibriados
Dithmenos
Elyvilon
Fedhas
Gozag
Hepliaklqana
Kikubaaqudgha
Makhleb
Nemelex Xobeh
Okawaru
Qazlal
Ru
Sif Muna
Trog
Uskayaw
Vehumet
Wu Jian
Xom
Yredelemnul
Zin
The Shining One

Shops:
D:6 [[

Annotations:
D:12 3 runed translucent doors, exclusion: obsidian statue
D:13 Nessos


Innate Abilities, Weirdness & Mutations

You have a pair of small antennae on your head.
You are resistant to hostile enchantments. (MR+)


Message History

The eight-headed hydra completely misses you.
The eight-headed hydra bites you!
* * * LOW HITPOINT WARNING * * *
You feel better.
The bog body gestures at you while chanting.
The bolt of cold hits you but does no damage.
The bog body casts a spell at you. You resist with almost no effort.
The eight-headed hydra bites you!
* * * LOW HITPOINT WARNING * * *
The eight-headed hydra bites you.
* * * LOW HITPOINT WARNING * * *
The eight-headed hydra bites you but does no damage. x2
The eight-headed hydra bites you.
* * * LOW HITPOINT WARNING * * *
The eight-headed hydra bites you!
* * * LOW HITPOINT WARNING * * *
The eight-headed hydra bites you but does no damage. x2
The eight-headed hydra is no longer moving slowly.
The bog body hits you.
You die...

♣♣.≈≈≈≈≈≈≈...♣♣ ♣≈.§≈..♣♣
♣..≈≈≈≈≈≈≈≈≈.♣♣ ♣♣..≈≈≈.♣♣
?§≈≈≈≈≈≈≈≈≈≈≈≈≈≈≈≈.≈♣♣♣..≈≈≈≈.>.♣
≈≈≈≈≈≈≈≈≈..≈≈≈≈≈......≈....≈≈....
≈♣≈≈≈≈≈≈≈..≈≈≈.≈§..≈≈.≈♣♣≈......≈
.≈≈≈≈≈≈≈♣≈≈≈≈≈.≈≈..≈≈.♣♣♣♣.≈≈..≈≈
..≈♣≈≈≈≈≈≈≈≈≈≈≈≈≈..§≈.♣ ♣♣≈≈≈.≈≈
♣(.≈♣♣..≈≈≈≈≈≈≈......≈♣ ♣≈≈....
♣♣.. ≈≈...≈≈≈§..@.♣♣≈♣♣ ≈...≈≈
........n.≈♣♣≈.≈ ♣..≈
≈.≈.♣..D.♣♣♣....♣ ..≈
.≈.≈≈≈..≈≈.♣≈.♣♣≈≈
♣♣≈..(..≈≈.≈... .≈ ♣♣♣♣≈♣♣.....§.
♣♣ .......♣.. ≈≈≈≈..≈..≈♣
≈≈≈≈≈..≈.≈♣


You could see an eight-headed hydra and a bog body.

Vanquished Creatures
  Rupert (D:12)
  Gastronok (Lair:2)
  2 thorn hunters (Swamp:2)
  7 hydras
  Erolcha (D:12)
  4 two-headed ogres
  8 alligators
  Urug (D:12)
  An unseen horror (D:13)
  Pikel (D:9)
  A deep elf mage (D:13)
  An ugly thing (D:12)
  2 manticores (Lair:2)
  Joseph (D:9)
  A black mamba (Lair:3)
  2 centaur zombies (D:10)
  7 spiny frogs
  2 gargoyles
  2 kobold demonologists (D:13)
  2 centaur skeletons (D:11)
  4 komodo dragons
  A troll (shapeshifter) (D:13)
  2 queen bees
  5 blink frogs
  A bog body (Swamp:1)
  A meliai zombie (D:13)
  10 hippogriffs
  17 slime creatures
  A spriggan (D:7)
  A tarantella (Lair:2)
  31 yaks
  Sigmund (D:6)
  A spriggan (shapeshifter) (D:13)
  4 shadows
  A wraith (D:9)
  4 wyverns
  A human (shapeshifter) (D:13)
  2 basilisks
  2 hungry ghosts
  9 vampire mosquitoes
  A steam dragon (Lair:2)
  8 swamp worms
  14 water moccasins
  3 acid dragons
  Duvessa (D:6)
  A slave (D:9)
  7 porcupines
  3 swamp drakes
  2 ice beasts
  8 orc warriors
  3 sky beasts
  2 necrophages
  4 black bears
  5 wolves (Lair:2)
  5 ogres
  A phantom (D:9)
  7 centaurs
  12 crocodiles
  3 big kobolds
  11 bullfrogs
  Dowan (D:6)
  10 scorpions
  5 wights
  50 killer bees
  6 crimson imps
  2 bullfrog zombies (D:12)
  3 hounds
  3 jellies
  13 orc priests
  16 orc wizards
  3 bullfrog skeletons
  4 iguanas
  11 worker ants
  2 hell rats (Lair:1)
  2 hound skeletons
  A worker ant zombie (D:9)
  7 gnolls
  11 adders
  8 river rats
  4 shadow imps
  4 worms
  4 dart slugs
  4 leopard geckos
  67 orcs
  2 ball pythons
  7 giant cockroaches
  8 goblins
  7 hobgoblins (D:1)
  8 jackals
  18 kobolds
  4 quokkas
  10 bats
  5 frilled lizards
  A leopard gecko skeleton (D:7)
  8 rats
  26 fungi
  43 plants
636 creatures vanquished.

Vanquished Creatures (others)
  A hungry ghost (D:9)
  An orc wizard (D:4)
  An adder (D:9)
  6 fungi
  7 plants
  8 toadstools (Swamp:2)
24 creatures vanquished.

Grand Total: 660 creatures vanquished

Notes
Turn   | Place    | Note
-------+----------+-------------------------------------------
     0 | D:1      | waltergilman the Hill Orc Fighter began the quest for the
                  | Orb.
     0 | D:1      | Reached XP level 1. HP: 19/19 MP: 1/1
    26 | D:1      | Reached XP level 2. HP: 16/27 MP: 2/2
   222 | D:1      | Reached skill level 3 in Axes
   435 | D:1      | Reached XP level 3. HP: 32/33 MP: 3/3
   909 | D:2      | Reached XP level 4. HP: 38/40 MP: 4/4
   919 | D:2      | Reached skill level 4 in Axes
  1977 | D:3      | Reached XP level 5. HP: 41/47 MP: 5/5
  2768 | D:4      | Found a shimmering altar of Xom.
  2774 | D:4      | Reached skill level 5 in Axes
  2812 | D:4      | Reached XP level 6. HP: 39/53 MP: 6/6
  2993 | D:4      | Found a hazy altar of Hepliaklqana.
  3026 | D:4      | Found a radiant altar of Vehumet.
  3059 | D:4      | Reached skill level 6 in Axes
  3191 | D:4      | Reached skill level 5 in Fighting
  3191 | D:4      | Reached XP level 7. HP: 32/61 MP: 7/7
  3336 | D:4      | Found a snail-covered altar of Cheibriados.
  3596 | D:4      | Reached skill level 7 in Axes
  3956 | D:5      | Entered Level 5 of the Dungeon
  3974 | D:4      | Reached skill level 5 in Armour
  4071 | D:5      | Reached skill level 8 in Axes
  4071 | D:5      | Reached skill level 5 in Shields
  4071 | D:5      | Reached XP level 8. HP: 29/70 MP: 8/8
  4279 | D:5      | Found a shadowy altar of Dithmenos.
  4875 | D:5      | Found a basalt altar of Yredelemnul.
  4881 | D:5      | Found a white marble altar of Elyvilon.
  5049 | D:5      | Found a sacrificial altar of Ru.
  5194 | D:6      | Found Gypnalath's Antique Armour Emporium.
  5206 | D:6      | Bought a heavily runed chain mail for 190 gold pieces
  5208 | D:6      | Noticed Duvessa
  5233 | D:5      | Identified the +2 chain mail of the Sturgeon {*Slow rC+
                  | Regen+} (You bought it in a shop on level 6 of the Dungeon)
  5248 | D:6      | Noticed Dowan
  5252 | D:6      | Killed Duvessa
  5252 | D:6      | Reached skill level 9 in Axes
  5256 | D:6      | Killed Dowan
  5333 | D:6      | Noticed Sigmund
  5346 | D:6      | Killed Sigmund
  5346 | D:6      | Reached skill level 10 in Axes
  5393 | D:6      | Found Rynaxoth's Antique Armour Shop.
  5465 | D:6      | Reached XP level 9. HP: 59/78 MP: 9/9
  5494 | D:6      | Found a stormy altar of Qazlal.
  5593 | D:6      | You fall into a shaft and drop 1 floor!
  6102 | D:7      | Found a staircase to the Ecumenical Temple.
  6136 | Temple   | Entered the Ecumenical Temple
  6263 | Temple   | Became a worshipper of Warmaster Okawaru
  6460 | D:7      | Reached skill level 1 in Dodging
  6704 | D:6      | Reached skill level 11 in Axes
  6857 | D:6      | Found a blossoming altar of Fedhas.
  6908 | D:6      | Reached * piety under Okawaru
  7009 | D:6      | Found a burning altar of Makhleb.
  7336 | D:8      | Got a flickering jade ring
  7351 | D:8      | Noticed a two-headed ogre
  7380 | D:8      | Killed a two-headed ogre
  7380 | D:8      | Reached ** piety under Okawaru
  7380 | D:8      | Reached skill level 12 in Axes
  7380 | D:8      | Reached XP level 10. HP: 24/88 MP: 10/10
  7591 | D:8      | Identified the ring of the Skies Above {rF- MP+9 Str+2
                  | Slay+2 SInv} (You found it on level 8 of the Dungeon)
  7638 | D:8      | Found a bloodstained altar of Trog.
  7659 | D:8      | Found a bloodstained altar of Trog.
  7872 | D:8      | Found an opulent altar of Gozag.
  7872 | D:8      | Found a sparkling altar of Nemelex Xobeh.
  8679 | D:8      | Found a shattered altar of Ashenzari.
  9068 | D:8      | Reached *** piety under Okawaru
  9449 | D:9      | Noticed Pikel
  9469 | D:9      | Killed Pikel
  9469 | D:9      | Reached skill level 13 in Axes
  9559 | D:9      | Noticed Joseph
  9571 | D:9      | Killed Joseph
  9627 | D:9      | Found a glowing golden altar of the Shining One.
  9787 | D:9      | Reached **** piety under Okawaru
  9889 | D:9      | Found a burning altar of Makhleb.
  9959 | D:9      | Reached skill level 1 in Stealth
 10143 | D:10     | Entered Level 10 of the Dungeon
 10169 | D:10     | Found a staircase to the Lair.
 10175 | D:10     | Reached skill level 14 in Axes
 10198 | D:10     | Reached XP level 11. HP: 69/95 MP: 11/11
 10286 | D:10     | Reached ***** piety under Okawaru
 10356 | D:10     | You fall into a shaft and drop 3 floors!
 10393 | D:13     | Noticed a two-headed ogre
 10407 | D:13     | Noticed an unseen horror
 10419 | D:13     | Killed a two-headed ogre
 10419 | D:13     | Reached skill level 15 in Axes
 10448 | D:13     | Noticed an orb spider
 10448 | D:13     | a fire bat changed into an orb spider
 10478 | D:13     | an orb spider changed into a human
 10569 | D:13     | Noticed Nessos
 10624 | D:13     | Noticed an unseen horror
 10631 | D:13     | Killed an unseen horror
 10821 | D:13     | Reached skill level 10 in Fighting
 10822 | D:13     | Received a gift from Okawaru
 10939 | D:13     | Got a pair of heavily runed gloves {god gift}
 10945 | D:13     | Identified the +1 pair of gloves of Mental Paralysis {-Cast
                  | Harm rCorr Str+8} (Okawaru gifted it to you on level 13 of
                  | the Dungeon)
 10950 | D:13     | Noticed a deep elf mage
 10954 | D:13     | Killed a deep elf mage
 11155 | D:13     | Noticed a swamp dragon
 11162 | D:13     | a swamp dragon changed into a shapeshifter
 11213 | D:13     | Noticed a sun demon
 11276 | D:13     | Reached skill level 16 in Axes
 11367 | D:12     | Identified the +2 robe of Agnosticism {MR+ Int+4}
 11510 | D:12     | Noticed Erolcha
 11512 | D:12     | Noticed Urug
 11521 | D:12     | Killed Erolcha
 11521 | D:12     | Reached XP level 12. HP: 64/108 MP: 12/12
 11534 | D:12     | Killed Urug
 11687 | D:12     | Found a staircase to the Orcish Mines.
 11822 | D:12     | Found a runed translucent door.
 11925 | D:12     | Found a runed translucent door.
 11935 | D:12     | Found a runed translucent door.
 11945 | D:12     | Found a runed translucent door.
 11970 | D:12     | Noticed Rupert
 11977 | D:12     | Killed Rupert
 11977 | D:12     | Received a gift from Okawaru
 11977 | D:12     | Reached skill level 17 in Axes
 12575 | D:11     | Noticed a four-headed hydra
 12582 | D:11     | Killed a six-headed hydra
 12729 | D:11     | Noticed a two-headed ogre
 12732 | D:11     | Killed a two-headed ogre
 12732 | D:11     | Reached skill level 18 in Axes
 12773 | D:11     | Reached skill level 10 in Armour
 12999 | D:11     | Noticed a two-headed ogre
 13005 | D:11     | Killed a two-headed ogre
 13005 | D:11     | Reached skill level 1 in Evocations
 13009 | D:11     | Reached XP level 13. HP: 111/118 MP: 13/13
 13713 | Lair:1   | Entered Level 1 of the Lair of Beasts
 13718 | Lair:1   | Reached ****** piety under Okawaru
 13718 | Lair:1   | Received a gift from Okawaru
 14167 | Lair:1   | Found a gate leading to a gauntlet.
 14191 | Lair:1   | Gained mutation: You have a pair of small antennae on your
                  | head. [potion of mutation]
 14191 | Lair:1   | Gained mutation: You are resistant to hostile enchantments.
                  | (MR+) [potion of mutation]
 15083 | Lair:2   | Found a hole to the Spider Nest.
 15102 | Lair:2   | Reached skill level 19 in Axes
 15113 | Lair:2   | Received a gift from Okawaru
 15135 | Lair:2   | Noticed Gastronok
 15150 | Lair:2   | Killed Gastronok
 15540 | Lair:2   | Received a gift from Okawaru
 15583 | Lair:2   | HP: 5/122 [manticore (4)]
 15585 | Lair:2   | HP: 2/122 [poisoned by a killer bee]
 16503 | Lair:3   | Reached XP level 14. HP: 112/129 MP: 14/14
 16854 | Lair:3   | Reached skill level 20 in Axes
 16933 | Lair:3   | Identified a scroll of acquirement
 17385 | Lair:4   | Received a gift from Okawaru
 17933 | Lair:4   | Found a staircase to the Swamp.
 18341 | Swamp:1  | Entered Level 1 of the Swamp
 18679 | Swamp:1  | Received a gift from Okawaru
 19426 | Swamp:2  | Noticed a thorn hunter
 19438 | Swamp:2  | Killed a thorn hunter
 19578 | Swamp:2  | Noticed a thorn hunter
 19590 | Swamp:2  | Killed a thorn hunter
 19590 | Swamp:2  | Reached skill level 15 in Fighting
 19786 | Swamp:2  | HP: 2/135 [eight-headed hydra (10)]
 19787 | Swamp:2  | Slain by a bog body

Illustrated notes

Levels and vault maps discovered:
D:1:      minmay_arrival_checkered_box, layout_rooms, serial_glass,
          glass_columns_a, glass_columns_c
D:2:      layout_basic, kennysheep_generic_room_4
D:3:      layout_loops_cross
D:4:      layout_loops_ring, nicolae_overflow_crystal_walls, old_standard_altar,
          kennysheep_slug_shrine, first_ration, led_xom_imps
D:5:      layout_cave_pools, minitemple, minmay_misc_feat_plants,
          nicolae_ru_path_of_blood
D:6:      layout_loops_ring, old_standard_altar, serial_shops, shop, shop,
          basic_altar, portal_sewer_entry_e, makhleb_blood_cavern_becter,
          uniq_duvessa, uniq_sigmund
D:7:      layout_gridville, minmay_temple_entry_antechambers, the_bakery
D:8:      layout_basic, grunt_temple_overflow_opulence, marbit_many_paths,
          lemuel_crystal_altar, basic_altar, chequers_serial_rivers_large_a
D:9:      layout_small_grid, lemuel_crystal_altar, kennysheep_little_box,
          serial_bayou_pond_a, lightli_fourway_metalbox, uniq_pikel, uniq_joseph
D:10:     layout_rooms, due_lair_maze_entry_diamond
D:11:     layout_basic, hex_tiny
D:12:     layout_loops_ring, hiddenorc2_lemuel, minmay_statue_crystal_thing,
          uniq_urug, uniq_rupert, uniq_erolcha
D:13:     layout_loops_ring, serial_co_window_serial, co_window_paths_a,
          co_window_paths_a, co_window_cross_1, co_window_paths_a,
          co_window_cross_1, co_window_unsneaky_path_e, co_window_corner_b,
          co_window_broadway_a, co_window_broadway_a, co_window_cross_2,
          glass_columns_a, glass_columns_c, glass_columns_a, glass_columns_c,
          glass_columns_a, ebering_ghost_gozag, uniq_nessos
Temple:   nicolae_temple_figure_zero
Lair:1:   layout_cave_pods, gauntlet_entry_generic, kennysheep_rathole,
          infiniplex_staircase_pool, serial_bayou_shore_b
Lair:2:   regret_index_wax_grids, layout_layer_cave, spider_nest_entry_rubble,
          uniq_gastronok
Lair:3:   layout_roguey [special_room_bee], grunt_megastairs_2,
          serial_bayou_shore_a
Lair:4:   layout_hall_layers, swamp_mist
Swamp:1:  layout_basic_swamp, evilmike_swamp_ruin_house_1
Swamp:2:  cheibrodos_swamp_tower_of_moss, layout_basic_swamp, basic_altar,
          swamp_pool1

Skill      XL: |  1  2  3  4  5  6  7  8  9 10 11 12 13 14 |
---------------+-------------------------------------------+-----
Fighting       | 4 5 6 7 8 10 12 13 15 | 15.0
Axes           | 3 4 5 6 8 10 12 14 16 18 19 20 | 20.8
Armour         | 4 5 6 7 9 10 11 12 | 12.4
Shields        | 4 5 7 8 |  8.1
Dodging        | 1 2 3 |  3.2
Stealth        | 1 |  1.9
Evocations     | 1 |  1.1
Invocations    | |  0.4

Action                   |  1- 3 |  4- 6 |  7- 9 | 10-12 | 13-15 || total
-------------------------+-------+-------+-------+-------+-------++-------
Melee: War axe           |   102 |   204 |   422 |   132 |       ||   860
       Battleaxe         |       |       |       |   363 |   462 ||   825
Invok: Heroism           |       |       |       |     2 |     1 ||     3
Evoke: Wand              |       |       |     1 |     9 |       ||    10
  Use: Scroll            |       |     5 |     5 |    12 |    15 ||    37
       Potion            |       |     1 |     4 |     8 |     5 ||    18
 Stab: Distracted        |       |       |       |     1 |       ||     1
  Eat: Chunk             |       |     8 |    10 |    19 |    15 ||    52
       Ration            |       |       |     1 |     1 |     2 ||     4
Armor: Scale mail        |    27 |       |       |       |       ||    27
       Plate armour      |    47 |   154 |    93 |       |       ||   294
       Chain mail        |       |       |    98 |   216 |   290 ||   604
       Skin              |       |       |     8 |       |       ||     8
Dodge: Dodged            |    26 |    37 |    74 |   172 |   180 ||   489
Block: Kite shield       |    65 |   109 |   186 |    78 |       ||   438
